 Dungeon Crawl Stone Soup version 0.29.1-1-gd02db6906a (webtiles) character file.

Game seed: 13952545891880202713

253 Earthwalker the Covered (level 5, -16/46 HPs)
             Began as a Minotaur Fighter on Oct 10, 2022.
             Engulfed by a cloud of freezing vapour (19 damage)
             ... on level 5 of the Dungeon.
             The game lasted 00:06:34 (2893 turns).

Earthwalker the Covered (Minotaur Fighter)          Turns: 2893, Time: 00:06:34

Health: -16/46     AC: 11    Str: 22    XL:     5   Next: 90%
Magic:  4/4        EV:  9    Int:  5    God:
Gold:   240        SH:  5    Dex: 10    Spells: 4/4 levels left

rFire   . . .      SeeInvis .   a - +0 trident
rCold   . . .      Faith    .   c - +1 buckler
rNeg    . . .      Spirit   .   b - +0 scale mail
rPois   +          Reflect  .   (helmet restricted)
rElec   .          Harm     .   (no cloak)
rCorr   .          Rampage  .   (no gloves)
Will    .....                   (no boots)
Stlth   ..........              (no amulet)
HPRegen 0.15/turn               j - ring of poison resistance
MPRegen 0.09/turn               m - +4 ring of protection

@: no status effects
A: horns 2, retaliatory headbutt
a: no special abilities


You were on level 5 of the Dungeon.
You visited 1 branch of the dungeon, and saw 5 of its levels.

You collected 240 gold pieces.

Inventory:

Hand Weapons
 a - a +0 trident (weapon)
Armour
 b - a +0 scale mail (worn)
 c - a +1 buckler (worn)
 e - the +0 robe of Cuel {*Corrode rF+ rC+ Dex+4}
   (You found it on level 3 of the Dungeon)

   Dex:       It affects your dexterity (+4).
   rF:        It protects you from fire.
   rC:        It protects you from cold.
   *Corrode:  It may corrode you when you take damage.
Jewellery
 j - a ring of poison resistance (left hand)
 m - a +4 ring of protection (right hand)
 o - a ring of willpower
Wands
 h - a wand of charming (8)
 p - a wand of mindburst (7)
 q - a wand of digging (3)
 u - a wand of polymorph (9)
Scrolls
 g - 2 scrolls of amnesia
 i - 3 scrolls of teleportation
Potions
 d - 2 potions of might
 f - 3 potions of flight {unknown}
 k - 4 potions of brilliance
 l - a potion of degeneration {unknown}
 n - a potion of cancellation {unknown}
 r - a potion of ambrosia {unknown}
 s - a potion of attraction {unknown}
 t - a potion of heal wounds {unknown}
 v - a potion of haste {unknown}


   Skills:
 * Level 4.2 Fighting
 * Level 4.4 Polearms
 * Level 1.1 Throwing
 * Level 4.4 Armour
 * Level 1.2 Dodging
 * Level 1.3 Stealth
 * Level 4.1 Shields
 * Level 1.1 Invocations
 * Level 1.3 Evocations


You had 4 spell levels left.
You didn't know any spells.
Your spell library contained the following spells:

 Spells                   Type           Power      Damage    Failure   Level
 Magic Dart               Conj           0%         1d3       87%         1
 Call Imp                 Summ           0%         N/A       95%         2
 Mephitic Cloud           Conj/Pois/Air  0%         N/A       99%         3


Dungeon Overview and Level Annotations

Branches:
Dungeon (5/15)
 Temple: D:4-7

Altars:
Cheibriados
Makhleb
Qazlal
Trog
Uskayaw
Wu Jian
Yredelemnul
The Shining One

Shops:
D:5 (


Innate Abilities, Weirdness & Mutations

You have a pair of horns on your head.
You reflexively headbutt those who attack you in melee.


Message History

You barely miss the iguana. Your headbutt misses the iguana.
The iguana is almost dead.
The iguana closely misses you.
You hit the iguana.
You kill the iguana!
v - a white potion You hear a distant slurping noise.
There is an entrance to Parghulurch's Weapon Emporium here.
You now have 240 gold pieces (gained 11).
You hear a distant slurping noise.
A quokka comes into view.
A quokka is nearby!
The quokka twitches its whiskers.
The quokka barely misses you.
The quokka bites you but does no damage.
You barely miss the quokka. The quokka bites you.
You hit the quokka.
The quokka is lightly wounded.
The quokka completely misses you.
You puncture the quokka!
You kill the quokka!
You see here a quokka corpse.
HP restored.
You hear a distant slurping noise.
Found a dagger.
Found 27 gold pieces, a scroll labelled ISEMUA SOCENT and a spear.
You see here a +0 dagger.
Found a potion of might and 9 gold pieces.
You open the door.
Really walk into a travel-excluded area?
There is an open door here.
Really walk into that cloud of freezing vapour?
Okay, then.
Really walk into a travel-excluded area?
You are engulfed in freezing vapours.
You are engulfed in freezing vapours.
You are engulfed in freezing vapours.
* * * LOW HITPOINT WARNING * * *
You are engulfed in freezing vapours.
You die...

#.# #.#
#.#############.
####....$..........
###################
##$$?!)○○○○○○○○○○.○
###################
##..○○○○○○○@○○○○○○○
###'###############
##..###############
#..## ##.##
+####.)# ......##
.....## ...#.#


There were no monsters in sight!

Vanquished Creatures
  A jelly (D:4)
  Ijyb (D:3)
  Jessica (D:2)
  2 iguanas
  An orc wizard (D:3)
  4 adders
  2 worms
  2 dart slugs
  2 orcs (D:3)
  6 ball pythons
  4 endoplasms
  5 giant cockroaches
  3 goblins
  5 hobgoblins
  A quokka (D:5)
  5 bats
  2 frilled lizards
  4 kobolds
51 creatures vanquished.

Notes
Turn   | Place    | Note
-------+----------+-------------------------------------------
     0 | D:1      | Earthwalker the Minotaur Fighter began the quest for the
                  | Orb.
     0 | D:1      | Reached XP level 1. HP: 19/19 MP: 0/0
   336 | D:1      | Reached XP level 2. HP: 27/27 MP: 1/1
   627 | D:1      | You fall into a shaft and drop 1 floor!
  1161 | D:2      | Reached XP level 3. HP: 33/33 MP: 2/2
  1291 | D:2      | Noticed Jessica
  1297 | D:2      | Killed Jessica
  1488 | D:3      | Identified the +0 robe of Cuel {*Corrode rF+ rC+ Dex+4}
  1631 | D:3      | Found a faded altar of an unknown god.
  1657 | D:3      | Found a basalt altar of Yredelemnul.
  1659 | D:3      | Found a hide-covered altar of Uskayaw.
  1674 | D:3      | Reached skill level 1 in Stealth
  1674 | D:3      | Reached XP level 4. HP: 35/40 MP: 3/3
  1786 | D:3      | Noticed Ijyb
  1800 | D:3      | Killed Ijyb
  1801 | D:3      | Reached skill level 1 in Dodging
  1801 | D:3      | Reached XP level 5. HP: 23/46 MP: 4/4
  2149 | D:3      | Found an ornate altar of the Wu Jian Council.
  2152 | D:3      | Found a snail-covered altar of Cheibriados.
  2158 | D:3      | Found a bloodstained altar of Trog.
  2159 | D:3      | Found a stormy altar of Qazlal.
  2160 | D:3      | Found a burning altar of Makhleb.
  2161 | D:3      | Found a glowing golden altar of the Shining One.
  2356 | D:4      | Reached skill level 1 in Evocations
  2487 | D:4      | Reached skill level 1 in Invocations
  2526 | D:4      | Reached skill level 1 in Throwing
  2807 | D:5      | Entered Level 5 of the Dungeon
  2807 | D:5      | Found Parghulurch's Weapon Emporium.
  2893 | D:5      | Engulfed by a cloud of freezing vapour

Illustrated notes

Levels and vault maps discovered:
D:1:      heliophobic_arrival_dark_side_of_the_moon, layout_basic,
          amcnicky_mini_pool_small, grunt_decor_one_mirror, minivault_4
D:2:      layout_rooms, grunt_decor_junction, uniq_jessica
D:3:      layout_loops_ring, nicolae_overflow_hallway_of_the_gods,
          ebering_ecumenical_altar_sacrificial, uniq_ijyb
D:4:      layout_basic, nrook_mini_vaults
D:5:      lemuel_ice_spiral_2, layout_basic, gammafunk_ghost_split,
          serial_shops, nicolae_stop_n_shop_1

Skill      XL: |  1  2  3  4  5 |
---------------+----------------+-----
Polearms       | 3 4 |  4.4
Fighting       | 4 |  4.2
Armour         | 4 |  4.4
Stealth        | 1 |  1.3
Shields        | 4 |  4.1
Dodging        | 1 |  1.2
Evocations     | 1 |  1.3
Invocations    | 1 |  1.1
Throwing       | 1 |  1.1

Action                   |  1- 3 |  4- 6 || total
-------------------------+-------+-------++-------
Melee: Trident           |    65 |    59 ||   124
       Headbutt          |     7 |     6 ||    13
  Use: Scroll            |     8 |       ||     8
Armor: Scale mail        |    18 |    22 ||    40
Dodge: Dodged            |    30 |    19 ||    49
Block: Buckler           |    12 |     8 ||    20
